Map: [ESL] Gresvan

Players

HeroMarine - Winner!

  • Race: Terran Terran
  • Spawn Location: 5:00

NightPhoenix

  • Race: Protoss Protoss
  • Spawn Location: 11:00

Event: ESL SC2 Masters 2023 Summer (Regionals)

VOD

Have the link to the VOD?

Description

Time

  • Played on: May 4, 2023, 1:27 p.m.
  • Length: 9:08

All games in this series

Show
View Real Time Build Order
Export as new Build Order

HeroMarine Terran - Winner!

Build Orders:  

Get SALT Encoding   

  12  0:00  SCV  
  13  0:12  SCV  
  14  0:16  Supply Depot  
  14  0:24  SCV  
  15  0:38  SCV  
  15  0:39  Barracks  
  16  0:43  Refinery  
  16  0:50  SCV  
  16  0:55  Refinery  
  17  1:02  SCV  
  18  1:14  SCV  
  19  1:27  Orbital Command, Reaper  
  20  1:34  Supply Depot  
  20  1:43  Factory  
  20  1:52  SCV  
  21  1:59  Barracks Reactor  
  21  2:04  SCV  
  22  2:16  Command Center  
  22  2:19  SCV  
  23  2:27  Hellion  
  25  2:31  SCV  
  25  2:36  Reaper x2  
  28  2:43  SCV, Supply Depot  
  29  2:48  Hellion  
  31  2:55  Starport  
  31  3:04  SCV  
  32  3:08  Marine x2  
  34  3:12  Factory Tech Lab  
  34  3:16  SCV  
  35  3:26  Marine x2  
  37  3:28  SCV  
  37  3:32  Cyclone  
  41  3:34  Medivac  
  41  3:41  SCV  
  44  3:43  Marine  
  44  3:44  Marine  
  44  3:46  SCV  
  45  3:56  SCV  
  45  3:59  Orbital Command  
  45  4:01  Marine x2  
  45  4:08  SCV  
  45  4:09  Cyclone  
  47  4:15  Viking  
  49  4:17  Supply Depot  
  49  4:20  SCV  
  49  4:21  Marine x2  
  52  4:26  SCV  
  52  4:31  Supply Depot  
  53  4:32  SCV  
  54  4:39  Marine x2, SCV  
  54  4:44  SCV  
  57  4:46  Viking  
  57  4:51  SCV  
  58  4:56  SCV  
  58  4:57  Marine x2  
  58  4:58  Cyclone  
  61  5:03  SCV  
  62  5:08  SCV  
  63  5:15  Marine x2, SCV  
  63  5:16  Viking  
  63  5:21  SCV  
  69  5:22  Barracks  
  69  5:25  Command Center  
  69  5:27  SCV  
  70  5:36  Marine x2, Siege Tank, Supply Depot  
  70  5:37  SCV  
  70  5:39  SCV  
  77  5:43  Barracks  
  77  5:48  Starport Tech Lab, Refinery  
  77  5:50  SCV  
  77  5:56  Marine, SCV  
  78  5:57  Marine  
  78  6:02  SCV  
  80  6:06  Engineering Bay  
  80  6:07  Supply Depot  
  80  6:08  SCV, Siege Tank  
  84  6:14  Marine  
  84  6:15  Marine  
  84  6:17  Stimpack  
  86  6:22  Refinery, Supply Depot  
  86  6:29  Marine, SCV x2  
  86  6:32  Missile Turret  
  89  6:33  Missile Turret  
  89  6:35  Starport Reactor  
  89  6:36  Barracks  
  89  6:38  Barracks  
  89  6:43  Orbital Command  
  89  6:44  SCV  
  89  6:45  SCV  
  91  6:48  Combat Shield  
  91  6:51  Factory Reactor  
  91  6:53  Marine x2  
  92  6:55  Marine  
  92  6:56  Marine, SCV  
  92  6:59  SCV  
  95  7:08  SCV  
  96  7:11  SCV  
  96  7:12  Marine x2  
  96  7:14  Marauder x2, Medivac  
  103  7:15  Medivac  
  103  7:20  SCV  
  103  7:22  SCV  
  105  7:23  SCV  
  96  7:30  Orbital Command, Marine x2  
  96  7:32  SCV  
  96  7:35  SCV, Marauder x2  
  96  7:44  SCV  
  96  7:47  SCV  
  96  7:48  Marine x2  
  93  7:56  SCV  
  93  7:57  Marauder x2, Barracks Reactor  
  95  7:59  Widow Mine, SCV, Barracks Tech Lab  
  95  8:03  Medivac  
  95  8:04  Medivac  
  102  8:06  Widow Mine, Marine x2  
  102  8:10  Concussive Shells  
  109  8:13  Refinery  
  109  8:14  Refinery  
  109  8:18  Marauder x2  
  110  8:22  Marauder  
  110  8:23  Marine  
  110  8:24  Widow Mine, Marine  
  116  8:34  Missile Turret  
  116  8:42  Command Center, Supply Depot  
  116  8:43  Supply Depot  
  116  8:44  Supply Depot  
  116  8:45  Missile Turret  
  116  8:48  Armory, Engineering Bay  
  116  8:53  SCV  
Show
View Real Time Build Order
Export as new Build Order

NightPhoenix Protoss 

Build Orders: 1 Gate Expand, Phoenix Opening 

Get SALT Encoding   

  12  0:00  Probe  
  13  0:12  Probe  
  14  0:16  Pylon  
  14  0:24  Probe (Chrono Boost)  
  16  0:36  Probe (Chrono Boost), Gateway  
  16  0:43  Probe (Chrono Boost)  
  16  0:45  Assimilator  
  17  0:51  Probe  
  18  1:03  Probe  
  19  1:15  Probe  
  20  1:22  Nexus  
  20  1:32  Cybernetics Core  
  20  1:35  Probe  
  20  1:43  Assimilator  
  20  1:48  Probe  
  20  1:51  Pylon  
  21  2:00  Probe  
  22  2:06  Adept (Chrono Boost)  
  22  2:12  Probe  
  25  2:16  Stargate  
  25  2:24  Probe  
  25  2:25  Warp Gate  
  25  2:27  Adept (Chrono Boost)  
  29  2:37  Probe (Chrono Boost)  
  29  2:41  Probe (Chrono Boost)  
  30  2:47  Probe (Chrono Boost)  
  30  2:49  Adept  
  30  2:50  Probe (Chrono Boost)  
  34  2:52  Probe (Chrono Boost)  
  35  3:00  Phoenix, Probe  
  35  3:04  Probe  
  39  3:10  Pylon  
  39  3:12  Probe  
  40  3:17  Probe  
  40  3:19  Adept  
  43  3:24  Probe  
  43  3:26  Phoenix  
  46  3:29  Probe  
  46  3:32  Assimilator  
  46  3:33  Pylon  
  39  3:55  Phoenix  
  40  4:03  Probe (Chrono Boost)  
  40  4:07  Probe (Chrono Boost)  
  40  4:12  Robotics Facility  
  40  4:14  Adept  
  40  4:15  Probe (Chrono Boost)  
  44  4:17  Probe (Chrono Boost)  
  44  4:20  Probe (Chrono Boost)  
  44  4:22  Phoenix  
  47  4:25  Probe (Chrono Boost)  
  47  4:29  Probe (Chrono Boost)  
  50  4:40  Stalker  
  50  4:41  Probe x2 (Chrono Boost)  
  53  4:47  Phoenix  
  54  5:05  Immortal (Chrono Boost)  
  57  5:09  Pylon  
  57  5:12  Phoenix  
  57  5:14  Probe  
  61  5:18  Stalker  
  62  5:23  Gateway  
  62  5:26  Gateway  
  62  5:34  Probe x2  
  64  5:36  Pylon  
  64  5:40  Warp Prism (Chrono Boost)  
  66  5:47  Phoenix (Chrono Boost)  
  68  5:52  Pylon  
  68  6:03  Stalker  
  68  6:07  Probe x2  
  68  6:09  Phoenix (Chrono Boost)  
  72  6:14  Gateway  
  72  6:18  Stalker  
  72  6:21  Stalker  
  76  6:26  Phoenix (Chrono Boost)  
  78  6:39  Stalker  
  80  6:41  Sentry  
  80  6:44  Sentry  
  84  6:48  Pylon x2  
  78  7:11  Adept x4  
  86  7:21  Nexus  
  86  7:22  Pylon  
  64  7:35  Stalker x4  
  60  7:41  Probe x2  
  54  7:55  Probe x2  
  54  8:00  Robotics Bay  
  54  8:01  Stalker x4  
  54  8:04  Shield Battery  
  62  8:07  Probe  
  62  8:10  Phoenix (Chrono Boost)  
  65  8:15  Probe  
  65  8:19  Probe  
  67  8:26  Phoenix  
  67  8:27  Probe  
  67  8:31  Probe  
  71  8:34  Probe  
  71  8:39  Probe, Zealot  
  71  8:40  Zealot  
  77  8:45  Probe  
  77  8:46  Probe  
  85  8:52  Probe  
Tags
 
Add a new tag
Caveats
  • Supply blocks, unpowered buildings, or Contaminate may cause inaccurate times.
  • Supply counts are checked every 10 seconds.